 Dungeon Crawl Stone Soup version 0.27-a0-291-gd9602db6ee (webtiles) character file.

Game seed: 18164086270083192674

1232 Fenrir042 the Conjurer (level 8, -7/53 HPs)
             Began as a Demonspawn Conjurer on Feb 9, 2021.
             Mangled by a killer bee (8 damage)
             ... on level 7 of the Dungeon on Feb 10, 2021.
             The game lasted 00:16:18 (6720 turns).

Fenrir042 the Conjurer (Demonspawn Conjurer)        Turns: 6720, Time: 00:16:19

Health: -7/53      AC:  4    Str:  8    XL:     8   Next: 24%
Magic:  5/16       EV: 14    Int: 21    God:
Gold:   318        SH:  5    Dex: 12    Spells: 11/18 levels left

rFire    . . .     SeeInvis +   w - +1 flail (protect)
rCold    . . .     Faith    .   (no shield)
rNeg     . . .     Spirit   .   a - +0 robe
rPois    .         Reflect  +   (no helmet)
rElec    .         Harm     .   z - +0 cloak
rCorr    .         Rampage  .   (gloves unavailable)
Will     +....                  (no boots)
Stlth    ++........             h - amulet of reflection
HPRegen  0.17/turn              y - ring of willpower
MPRegen  0.15/turn              t - ring of see invisible

@: lethally poisoned (-7 -> -26)
A: claws 3, rugged brown scales 1, demonic guardian 1, powered by pain 1
a: no special abilities


You were on level 7 of the Dungeon.
You visited 2 branches of the dungeon, and saw 7 of its levels.

You collected 318 gold pieces.

Inventory:

Hand Weapons
 g - a +0 dagger
 l - a +1 dagger of venom
 w - a +1 flail of protection (weapon)
Armour
 a - a +0 robe (worn)
 d - a +0 chain mail
 z - a +0 cloak (worn)
Jewellery
 e - a +6 ring of dexterity
 h - an amulet of reflection (around neck)
 i - an uncursed ring of ice
 t - a ring of see invisible (right claw)
 y - a ring of willpower (left claw)
 A - an uncursed amulet of magic regeneration
 D - an uncursed amulet of guardian spirit
Wands
 x - a wand of mindburst (16)
 B - a wand of polymorph (13)
Scrolls
 c - 4 scrolls of fog {unknown}
 f - 2 scrolls of fear {unknown}
 j - 2 scrolls of teleportation {unknown}
 o - 4 scrolls of remove curse
 p - a scroll of enchant weapon {unknown}
 r - a scroll of noise {unknown}
 u - a scroll of blinking {unknown}
 v - a scroll of amnesia {unknown}
 C - a scroll of random uselessness {unknown}
Potions
 b - a potion of magic {unknown}
 k - 4 potions of heal wounds {unknown}
 m - a potion of invisibility {unknown}
 q - a potion of brilliance {unknown}
 s - 2 potions of degeneration {unknown}


   Skills:
 + Level 4.6 Dodging
 - Level 1.7 Stealth
 * Level 5.7 Spellcasting
 + Level 7.0 Conjurations
 - Level 2.1 Translocations


You had 11 spell levels left.
You knew the following spells:

 Your Spells              Type           Power        Failure   Level
a - Magic Dart            Conj           100%         1%          1
b - Searing Ray           Conj           70%          1%          2
c - Iskenderun's Mystic   Conj/Tloc      25%          16%         4

Your spell library contained the following spells:

 Spells                   Type           Power        Failure   Level
 Dazzling Flash           Conj/Hex       40%          7%          3
 Fulminant Prism          Conj/Hex       10%          24%         4


Dungeon Overview and Level Annotations

Branches:
Dungeon (7/15)             Temple (1/1) D:6

Altars:
Cheibriados
Elyvilon
Gozag
Hepliaklqana
Kikubaaqudgha
Nemelex Xobeh
Ru
Sif Muna
Trog
Uskayaw
Wu Jian
Zin
The Shining One


Innate Abilities, Weirdness & Mutations

You have claws for hands.
You are partially covered in rugged brown scales. (AC +1, +3% HP)
A weak demonic guardian rushes to your aid.
You sometimes gain a little power by taking damage.


Message History

* * * LOW HITPOINT WARNING * * *
The searing ray misses the killer bee.
You finish channeling your searing ray.
* * * LOW HITPOINT WARNING * * *
You feel sick.
The killer bee stings you but does no damage.
The killer bee completely misses you. You block the killer bee's attack.
The killer bee stings you.
* * * LOW HITPOINT WARNING * * *
Casting: Searing Ray (safe; 1% risk of failure)
Confirm with . or Enter, or press ? or * to list all spells.
Aiming: Searing Ray (safe; 1% risk of failure)
Press: ? - help, Shift-Dir - straight line, f/p - killer bee
Aim: a killer bee (39% to evade)
The searing ray misses the killer bee. (Press . to maintain the ray.)
* * * LOW HITPOINT WARNING * * *
You feel sick. The killer bee closely misses you.
The killer bee barely misses you. The killer bee closely misses you.
The killer bee stings you!
You die...

#...+...#........#
#########........#
.. #..##....##..#
... #..########..#
... #............#
... #............#
#............# #
#............# .#
#..##....##.@# ..#
#####....##yy#...#
#.........'...#
#.........#......
#.........##..##.
########..# ###
####


You could see 2 killer bees.

Vanquished Creatures
  Edmund (D:5)
  An ice beast (D:5)
  An ogre (D:6)
  A phantom (D:6)
  2 bullfrogs
  A killer bee (D:7)
  5 wights (D:6)
  A howler monkey (D:6)
  A centaur zombie (D:6)
  2 orc priests (D:3)
  A bullfrog skeleton (D:6)
  An iron imp (D:5)
  An iguana (D:6)
  A worker ant (D:6)
  7 gnolls
  5 adders
  A shadow imp (D:5)
  An ufetubus (D:6)
  A worm (D:2)
  6 dart slugs
  3 leopard geckos
  18 orcs
  A giant cockroach (D:2)
  5 goblins
  8 hobgoblins
  8 jackals
  4 bats
  5 frilled lizards
  7 kobolds
  A quokka skeleton (D:6)
  5 rats
106 creatures vanquished.

Vanquished Creatures (collateral kills)
  A hound (D:5)
  An adder (D:2)
  A dart slug (D:1)
  A jackal (D:1)
  2 frilled lizards (D:1)
6 creatures vanquished.

Grand Total: 112 creatures vanquished

Notes
Turn   | Place    | Note
-------+----------+-------------------------------------------
     0 | D:1      | Fenrir042 the Demonspawn Conjurer began the quest for the
                  | Orb.
     0 | D:1      | Reached XP level 1. HP: 13/13 MP: 3/3
   405 | D:1      | Gained mutation: A weak demonic guardian rushes to your
                  | aid. [demonic ancestry]
   405 | D:1      | Reached XP level 2. HP: 10/19 MP: 0/5
  1135 | D:1      | Learned a level 2 spell: Searing Ray
  1342 | D:1      | Gained mutation: You sometimes gain a little power by
                  | taking damage. [demonic ancestry]
  1342 | D:1      | Reached XP level 3. HP: 24/24 MP: 3/6
  1423 | D:2      | Found a bloodstained altar of Trog.
  1427 | D:2      | Found an ornate altar of the Wu Jian Council.
  2277 | D:2      | Gained mutation: You have sharp fingernails. [demonic
                  | ancestry]
  2277 | D:2      | Reached XP level 4. HP: 30/30 MP: 6/8
  2943 | D:3      | Reached skill level 5 in Conjurations
  2943 | D:3      | Gained mutation: You are partially covered in rugged brown
                  | scales. (AC +1, +3% HP) [demonic ancestry]
  2943 | D:3      | Reached XP level 5. HP: 19/36 MP: 0/9
  3385 | D:3      | You fall into a shaft and drop 2 floors!
  3385 | D:5      | Entered Level 5 of the Dungeon
  3513 | D:5      | Found a snail-covered altar of Cheibriados.
  3592 | D:5      | Learned a level 4 spell: Iskenderun's Mystic Blast
  3830 | D:5      | Noticed Edmund
  3886 | D:5      | Killed Edmund
  3887 | D:5      | Reached skill level 1 in Translocations
  3887 | D:5      | Gained mutation: You have very sharp fingernails. [demonic
                  | ancestry]
  3887 | D:5      | Reached XP level 6. HP: 40/42 MP: 1/11
  4185 | D:5      | Noticed an ice beast
  4197 | D:5      | Killed an ice beast
  4198 | D:5      | Reached skill level 6 in Conjurations
  4919 | D:6      | Gained mutation: You have claws for hands. [demonic
                  | ancestry]
  4919 | D:6      | Reached XP level 7. HP: 47/47 MP: 5/13
  5320 | D:6      | Found a staircase to the Ecumenical Temple.
  5330 | Temple   | Entered the Ecumenical Temple
  5951 | D:6      | Reached skill level 5 in Spellcasting
  6074 | D:6      | Reached XP level 8. HP: 53/53 MP: 4/15
  6302 | D:6      | Found a glowing golden altar of the Shining One.
  6641 | D:7      | Reached skill level 7 in Conjurations
  6720 | D:7      | HP: 1/53 [poisoned by a killer bee]
  6720 | D:7      | Mangled by a killer bee

Illustrated notes

Levels and vault maps discovered:
D:1:      psy_arrival_statuary, layout_rooms
D:2:      layout_rooms, chequers_temple_overflow_statue_of_worship
D:3:      layout_loops_ring, gammafunk_ghost_grave
D:5:      layout_loops_corners, slow_altar_1, uniq_edmund
D:6:      layout_basic, kennysheep_mini, minmay_temple_entry_junction_2
D:7:      layout_gridville, grunt_temple_overflow_champion_of_chaos,
          general_overflow_altar
Temple:   compressed_dpeg_triangle_lava_temple

Skill      XL: |  1  2  3  4  5  6  7  8 |
---------------+-------------------------+-----
Dodging        | 2 3 4 |  4.6
Spellcasting   | 3 4 5 |  5.7
Conjurations   | 5 6 7 |  7.0
Translocations | 1 2 |  2.1
Stealth        | |  1.7

Action                   |  1- 3 |  4- 6 |  7- 9 || total
-------------------------+-------+-------+-------++-------
Melee: Unarmed           |    24 |       |       ||    24
       Dagger            |    27 |    34 |       ||    61
       Flail             |       |     9 |    17 ||    26
 Cast: Magic Dart        |    60 |    47 |    53 ||   160
       Searing Ray       |     4 |    16 |    14 ||    34
  Use: Scroll            |     3 |     2 |     2 ||     7
 Stab: Sleeping          |     1 |     1 |       ||     2
       Distracted        |     1 |       |       ||     1
Armor: Robe              |    10 |     4 |    14 ||    28
Dodge: Dodged            |    41 |    34 |    48 ||   123
Block: Other             |     9 |     7 |    19 ||    35

Table legend: (Time is in decaauts)
 A = Elapsed time spent in this place.
 B = Non-inter-level travel time spent in this place.
 C = Inter-level travel time spent in this place.
 D = Time resting spent in this place.
 E = Time spent auto-exploring this place.
 F = Levels seen in this place.
 G = Mean time per level.
                   A        B        C        D        E       F      G
               +--------+--------+--------+--------+--------+-----+--------+
         Total |   6725 |   6533 |    192 |   1211 |   4464 |   7 |  960.7 |
       Dungeon |   6421 |   6249 |    172 |   1211 |   4180 |   6 | 1070.2 |
        Temple |    304 |    284 |     20 |      0 |    284 |   1 |  304.0 |
               +--------+--------+--------+--------+--------+-----+--------+

Top non-repeatable levels by time:
     D:6: 1462 daAuts
     D:5: 1461 daAuts
     D:1: 1420 daAuts
     D:2: 1206 daAuts
     D:3: 755 daAuts
  Temple: 304 daAuts
     D:7: 114 daAuts
